 Dungeon Crawl Stone Soup version 0.25-a0-1133-g93ebf73 (webtiles) character file.

Game seed: 14291027362412913580, levelgen mode: deterministic

550 Faca the Skirmisher (level 7, -6/66 HPs)
             Began as a Minotaur Fighter on May 20, 2020.
             Mangled by an ogre
             ... wielding a cursed +0 giant club
              (16 damage)
             ... on level 4 of the Dungeon.
             The game lasted 00:03:59 (2738 turns).

Faca the Skirmisher (Minotaur Fighter)              Turns: 2738, Time: 00:03:59

Health: -6/66      AC:  9    Str: 23    XL:     7   Next: 7%
Magic:  6/6        EV:  5    Int:  5    God:
Gold:   219        SH: 10    Dex:  9    Spells: 6/6 levels left

rFire    . . .     SeeInvis .   a - +0 long sword
rCold    . . .     Gourm    .   c - +1 kite shield
rNeg     . . .     Faith    .   e - +0 chain mail
rPois    .         Spirit   .   (helmet restricted)
rElec    .         Reflect  .   (no cloak)
rCorr    .         Harm     .   (no gloves)
MR       .....                  (no boots)
Stlth    ..........             (no amulet)
HPRegen  0.21/turn              (no ring)
MPRegen  0.10/turn              (no ring)

@: no status effects
A: retaliatory headbutt, horns 2
a: no special abilities


You were on level 4 of the Dungeon.
You were not hungry.

You visited 1 branch of the dungeon, and saw 4 of its levels.

You collected 219 gold pieces.

Inventory:

Hand Weapons
 a - a +0 long sword (weapon)
Armour
 c - a +1 kite shield (worn)
 e - a +0 chain mail (worn)
Jewellery
 b - an uncursed ring of ice
 p - an uncursed ring of see invisible
Wands
 k - a wand of iceblast (8)
Scrolls
 m - 2 scrolls of teleportation
 o - a scroll of identify
Potions
 d - 3 potions of might
 g - a potion of ambrosia
 h - 2 potions of heal wounds
 i - a potion of resistance
 j - 3 potions of curing
 l - a potion of lignification
Comestibles
 f - 5 rations
 n - 7 chunks of flesh


   Skills:
 + Level 7.3 Fighting
 + Level 6.8 Long Blades
 - Level 3.6 Armour
 - Level 3.6 Shields


You had 6 spell levels left.
You didn't know any spells.
Your spell library was empty.

Dungeon Overview and Level Annotations

Branches:
Dungeon (4/15)
 Temple: D:4-7

Altars:
Qazlal


Innate Abilities, Weirdness & Mutations

You reflexively headbutt those who attack you in melee.
You have a pair of horns on your head.


Message History

The orc priest hits you but does no damage.
You slash the orc priest!
You kill the orc priest!
You hit the orc but do no damage. You block the orc's attack.
You slash the orc!
You kill the orc!
You hit the ogre but do no damage. You headbutt the ogre.
The ogre is lightly wounded.
The ogre hits you with a cursed +0 giant club!
You hit the ogre but do no damage.
The ogre is lightly wounded.
The ogre hits you with a cursed +0 giant club!
You barely miss the ogre.
The ogre is lightly wounded.
The ogre hits you with a cursed +0 giant club!!
* * * LOW HITPOINT WARNING * * *
You slash the ogre!
The ogre is severely wounded.
The ogre hits you with a cursed +0 giant club!
You die...

..... ....
######## #...
.....§.. ...
≈.......#..
§≈≈≈.....o.
≈≈##§...#O#
≈§§≈#.≈..#@#
>_≈≈..≈...#
#§§8§≈.....## §
≈§≈§#≈....#
..≈#+#§#§≈....#
..≈≈...≈§≈§§..#
.....≈..≈....##
............#
#####...#....###


You could see an ogre and an orc.

Vanquished Creatures
  A howler monkey (D:4)
  A centaur zombie (D:3)
  An orc priest (D:4)
  2 orc wizards
  2 iguanas (D:4)
  Jessica (D:3)
  Terence (D:2)
  Natasha (thrice) (D:2)
  2 worker ants (D:4)
  A hound zombie (D:3)
  2 hound skeletons (D:3)
  2 adders (D:2)
  2 adder zombies (D:3)
  2 worms
  4 dart slugs
  5 leopard geckos
  12 orcs
  5 bats
  A giant cockroach (D:1)
  4 goblins
  5 hobgoblins
  7 jackals (D:1)
  A quokka (D:4)
  2 frilled lizards
  A jackal zombie (D:3)
  12 kobolds
  7 rats
89 creatures vanquished.

Vanquished Creatures (others)
  A plant (D:4)
1 creature vanquished.

Grand Total: 90 creatures vanquished

Notes
Turn   | Place    | Note
-------+----------+-------------------------------------------
     0 | D:1      | Faca the Minotaur Fighter began the quest for the Orb.
     0 | D:1      | Reached XP level 1. HP: 19/19 MP: 0/0
    38 | D:1      | Reached skill level 4 in Fighting
    38 | D:1      | Reached XP level 2. HP: 14/27 MP: 1/1
   490 | D:1      | Reached XP level 3. HP: 32/34 MP: 2/2
   774 | D:2      | Noticed Natasha
   781 | D:2      | Killed Natasha
   781 | D:2      | Reached skill level 5 in Fighting
   781 | D:2      | Reached XP level 4. HP: 38/42 MP: 3/3
   814 | D:2      | Noticed Natasha
   820 | D:2      | Killed Natasha
   923 | D:2      | Noticed Natasha
   929 | D:2      | Killed Natasha
   929 | D:2      | Reached XP level 5. HP: 37/48 MP: 4/4
  1062 | D:2      | Noticed Terence
  1066 | D:2      | Killed Terence
  1066 | D:2      | Reached skill level 5 in Long Blades
  1574 | D:3      | Noticed Jessica
  1581 | D:3      | Killed Jessica
  1581 | D:3      | Reached skill level 6 in Fighting
  1710 | D:3      | Reached XP level 6. HP: 56/57 MP: 5/5
  2599 | D:4      | Reached skill level 7 in Fighting
  2709 | D:4      | Found a stormy altar of Qazlal.
  2726 | D:4      | Reached XP level 7. HP: 49/66 MP: 6/6
  2738 | D:4      | Mangled by an ogre

Illustrated notes

Levels and vault maps discovered:
D:1:      minmay_arrival_plants_in_alcoves, layout_rooms, serial_park_tiny_1
D:2:      layout_loops_cross, nrook_mini_vaults, minmay_misc_feat_diagonals,
          uniq_natasha, uniq_terence
D:3:      layout_loops_ring, serial_undead, serial_undead_f, serial_undead_f,
          serial_undead_e, serial_undead_b, uniq_jessica
D:4:      layout_rooms, nicolae_qazlal_general_emergency,
          lightli_temple_of_fire, gammafunk_ghost_nasty_kobolds,
          hangedman_abyss_or_decor_stabs, lexackson_kobold_supper

Skill      XL: |  1  2  3  4  5  6 |
---------------+-------------------+-----
Fighting       | 4 5 6 7 |  7.3
Long Blades    | 3 4 5 6 |  6.8
Armour         | |  3.6
Shields        | |  3.6

Action                   |  1- 3 |  4- 6 |  7- 9 || total
-------------------------+-------+-------+-------++-------
Melee: Long sword        |    82 |   166 |    12 ||   260
       Headbutt          |    14 |    30 |     2 ||    46
  Use: Scroll            |     4 |     6 |       ||    10
  Eat: Chunk             |       |     6 |       ||     6
Armor: Scale mail        |    39 |    38 |       ||    77
       Chain mail        |       |    48 |     2 ||    50
Dodge: Dodged            |    25 |    43 |       ||    68
Block: Kite shield       |    44 |    94 |     2 ||   140
       Rpst.: Long sword |    12 |    11 |       ||    23

Table legend:
 A = Non-vault XP
 B = Vault XP
 C = Vault XP percentage of total XP
 D = Non-vault monster count
 E = Vault monster count
 F = Vault count percentage of total count
                 A         B        C        D         E       F
            +---------+---------+-------+---------+---------+-------
      Total |     562 |     224 |  28.5 |      79 |      10 |  11.2
            +---------+---------+-------+---------+---------+-------
        D:1 |      55 |       0 |   0.0 |      29 |       0 |   0.0
        D:2 |     116 |      71 |  38.0 |      14 |       2 |  12.5
        D:3 |      91 |     153 |  62.7 |      21 |       8 |  27.6
        D:4 |     300 |       0 |   0.0 |      15 |       0 |   0.0
            +---------+---------+-------+---------+---------+-------
